 Dungeon Crawl Stone Soup version 0.21.1-1-g345015f (webtiles) character file.

172 Kagorn the Skirmisher (level 5, -4/48 HPs)
             Began as a Hill Orc Fighter on June 29, 2018.
             Was an Initiate of Beogh.
             Slain by Grinder (8 damage)
             ... while paralysed by Grinder
             ... on level 3 of the Dungeon.
             The game lasted 00:10:30 (2463 turns).

Kagorn the Skirmisher (Hill Orc Fighter)            Turns: 2463, Time: 00:10:31

Health: -4/48      AC:  7    Str: 20    XL:     5   Next: 52%
Magic:  5/5        EV:  2    Int:  8    God:    Beogh [......]
Gold:   73         SH:  0    Dex: 10    Spells: 4/4 levels left

rFire    . . .     SeeInvis .   a - +0 war axe
rCold    . . .     Gourm    .   h - +0 buckler
rNeg     . . .     Faith    .   b - +0 scale mail
rPois    .         Spirit   .   (no helmet)
rElec    .         Reflect  .   (no cloak)
rCorr    .         Harm     .   (no gloves)
MR       .....                  (no boots)
Stlth    ..........             (no amulet)
HPRegen  0.16/turn              (no ring)
MPRegen  0.09/turn              (no ring)

@: paralysed
A: no striking features
a: Renounce Religion


You were on level 3 of the Dungeon.
You worshipped Beogh.
Beogh was noncommittal.
You were not hungry.

You visited 1 branch of the dungeon, and saw 3 of its levels.

You collected 73 gold pieces.

Inventory:

Hand Weapons
 a - a +0 war axe (weapon)
 t - a +0 club
Armour
 b - a +0 scale mail (worn)
 c - a +0 shield
 h - a +0 buckler (worn)
Scrolls
 e - 2 scrolls of remove curse {unknown}
 m - 3 scrolls of identify {unknown}
 n - 2 scrolls of teleportation {unknown}
 p - a scroll of immolation {unknown}
 r - a scroll of fear {unknown}
Potions
 d - a potion of might
 g - a potion of berserk rage {unknown}
 i - a potion of ambrosia {unknown}
 j - 2 potions of curing
 k - a potion of mutation {unknown}
 l - 2 potions of lignification {unknown}
 o - a potion of invisibility {unknown}
 q - 2 potions of resistance {unknown}
 s - a potion of heal wounds {unknown}
Comestibles
 f - 7 rations


   Skills:
 * Level 5.1 Fighting
 * Level 4.5 Axes
 + Level 4.1 Armour
 - Level 0.1 Dodging
 + Level 4.0 Shields


You had 4 spell levels left.
You didn't know any spells.

Dungeon Overview and Level Annotations

Branches:
Dungeon (3/15)

Altars:
Gozag

Annotations:
D:3 Grinder


Message History

Pain shoots through your body!
* * * LOW HITPOINT WARNING * * *
Unknown command.
You closely miss Grinder.
Grinder is almost dead.
Grinder gestures at you. Pain shoots through your body!
* * * LOW HITPOINT WARNING * * *
Grinder hits you but does no damage.
You closely miss Grinder.
Grinder is almost dead.
Grinder hits you but does no damage.
You hit Grinder.
Grinder is almost dead.
Grinder hits you.
* * * LOW HITPOINT WARNING * * *
Grinder gestures at you.
You suddenly lose the ability to move!
Grinder hits you!
You die...

#)# #.# # #.# #.# .# #>#
##.## ##.# #.####...# ...
.........# #.## #
.###'###.# ######...#..# .#
#.# #.######...........#
.###.###............)..#
.###_..'.######5@###...[).#
.###รท###.........# ..##...
.# #.# #.#######.# ..# )
.###'###.# #... ..#
.........# ######..
########## ###


You could see Grinder.

Vanquished Creatures
  An orc wizard (D:3)
  A worker ant (D:3)
  2 adders (D:3)
  An adder zombie (D:3)
  4 worms
  4 dart slugs
  A leopard gecko (D:1)
  4 orcs (D:3)
  A ball python (D:1)
  11 bats
  2 giant cockroaches
  8 goblins
  7 hobgoblins
  8 jackals
  7 kobolds
  2 frilled lizards (D:1)
  7 rats
71 creatures vanquished.

Vanquished Creatures (others)
  A dart slug (D:3)
  2 orcs (D:3)
  A kobold (D:3)
  A quokka (D:3)
5 creatures vanquished.

Grand Total: 76 creatures vanquished

Notes
Turn   | Place    | Note
-------+----------+-------------------------------------------
     0 | D:1      | Kagorn the Hill Orc Fighter began the quest for the Orb.
     0 | D:1      | Reached XP level 1. HP: 19/19 MP: 1/1
   212 | D:1      | Reached XP level 2. HP: 17/27 MP: 2/2
   301 | D:1      | Reached skill level 4 in Fighting
   364 | D:1      | Reached XP level 3. HP: 31/33 MP: 3/3
   923 | D:2      | Reached XP level 4. HP: 41/41 MP: 4/4
  1374 | D:3      | Found a faded altar of an unknown god.
  1499 | D:3      | Became a worshipper of Beogh the Brigand
  1789 | D:3      | Reached XP level 5. HP: 14/47 MP: 5/5
  1821 | D:3      | Reached skill level 5 in Fighting
  2183 | D:3      | Found an opulent altar of Gozag.
  2432 | D:3      | Noticed Grinder
  2437 | D:3      | Paralysed by Grinder for 5 turns
  2462 | D:3      | Paralysed by Grinder for 4 turns
  2463 | D:3      | Slain by Grinder

Skill      XL: |  1  2  3  4  5 |
---------------+----------------+-----
Fighting       | 4 5 |  5.1
Axes           | 3 4 |  4.5
Armour         | 4 |  4.1
Shields        | 4 |  4.0
Dodging        | |  0.1

Action                   |  1- 3 |  4- 6 || total
-------------------------+-------+-------++-------
Melee: War axe           |   127 |   159 ||   286
Invok: Convert to Beogh  |       |     1 ||     1
  Use: Potion            |       |     1 ||     1
  Eat: Ration            |       |     2 ||     2
Armor: Scale mail        |   107 |    64 ||   171
Dodge: Dodged            |    68 |    61 ||   129
Block: Shield            |    45 |       ||    45
       Buckler           |    29 |    22 ||    51
